[Event "Team 45 45 League T45"]
[Site "Internet Chess Club"]
[Date "2010.06.06"]
[Round "5"]
[White "guyd52"]
[Black "Toalla"]
[Result "1/2-1/2"]
[WhiteElo "1253"]
[BlackElo "1193"]
[Opening "Réti: King's Indian attack"]
[ECO "A04"]
[Time "05:12:16"]
[TimeControl "2700+45"]

1. Nf3 g6 2. g3 d5 3. Bg2 Bg7 4. O-O Nf6 5. d3 O-O 6. Nbd2 c6 7. e4 dxe4 8. Nxe4
Nbd7 9. Nxf6+ Nxf6 10. h3 Re8 11. d4 e6 12. Be3 Nd5 13. Qd2 Nxe3 14. fxe3 b5 15.
Qd3 Bb7 16. b4 Qc7 17. Kh2 Rad8 18. Ng5 Re7 19. Rf4 Bc8 20. Raf1 Rdd7 21. c3 e5
22. R4f2 exd4 23. exd4 Bb7 24. Rf4 a6 25. Ne4 Rd8 26. Nf6+ Bxf6 27. Rxf6 Rd6 28.
Qd2 Kg7 29. Rxd6 Qxd6 30. Re1 f5 31. Rxe7+ Qxe7 32. Qf4 h5 33. d5 cxd5 34. Qd4+
Qf6 35. Qc5 Qf7 36. Qd4+ Qf6 37. Qc5 Qf7 {Game drawn by mutual agreement}
1/2-1/2

[Event "Team 45 45 League T45"]
[Site "Internet Chess Club"]
[Date "2010.06.07"]
[Round "5"]
[White "carolinaknight"]
[Black "wekabird"]
[Result "0-1"]
[WhiteElo "1223"]
[BlackElo "1234"]
[Opening "Caro-Kann: classical variation"]
[ECO "B18"]
[Time "20:00:15"]
[TimeControl "2700+45"]

1. e4 c6 2. d4 d5 3. Nc3 dxe4 4. Nxe4 Bf5 5. f3 Bxe4 6. fxe4 e6 7. Nf3 Ne7 8.
Bc4 Ng6 9. O-O Be7 10. c3 O-O 11. Be3 Nd7 12. Qd2 b5 13. Bb3 Qc7 14. a4 Rfd8 15.
axb5 cxb5 16. Ra6 Nc5 17. Ra3 Nxe4 {White resigns} 0-1

[Event "Team 45 45 League T45"]
[Site "Internet Chess Club"]
[Date "2010.06.03"]
[Round "5"]
[White "hcarstens"]
[Black "ffplayer"]
[Result "1/2-1/2"]
[WhiteElo "1261"]
[BlackElo "1046"]
[Opening "Philidor's defense"]
[ECO "C41"]
[Time "21:00:19"]
[TimeControl "2700+45"]

1. e4 e5 2. Nf3 d6 3. Bc4 Nf6 4. d3 Bg4 5. Bg5 Nbd7 6. O-O g6 7. c3 Bg7 8. d4
O-O 9. Be2 h6 10. Be3 Nxe4 11. Nbd2 Nef6 12. Bc4 exd4 13. cxd4 d5 14. Bd3 c6 15.
Qc2 Re8 16. Bxg6 fxg6 17. Qxg6 Bxf3 18. Nxf3 Rxe3 19. fxe3 Qe8 20. Qd3 Ne4 21.
Nd2 Ndf6 22. Nxe4 Nxe4 23. Rf4 Qg6 24. Qe2 Ng5 25. Rg4 Qe6 26. Rf1 Ne4 27. Rgf4
Nf6 28. Qd3 Rf8 29. R4f3 Ne4 30. Rxf8+ Bxf8 31. Qe2 Bg7 32. Rf3 Qe7 33. Rh3 Kh7
34. Qg4 Qg5 35. Qc8 Qe7 36. Qf5+ Kh8 37. Qc8+ Kh7 38. Qf5+ Kh8 39. Qc8+ Kh7 40.
Qf5+ {Game drawn by repetition} 1/2-1/2

[Event "Team 45 45 League T45"]
[Site "Internet Chess Club"]
[Date "2010.06.03"]
[Round "5"]
[White "cru"]
[Black "cazj"]
[Result "1-0"]
[WhiteElo "1280"]
[BlackElo "1316"]
[Opening "Scotch opening"]
[ECO "C44"]
[Time "19:01:58"]
[TimeControl "2700+45"]

1. e4 e5 2. Nf3 Nc6 3. d4 Nf6 4. d5 Nb4 5. Nc3 Bc5 6. a3 Na6 7. b4 Bb6 8. Nxe5
d6 9. Bb5+ Bd7 10. Nxd7 Nxd7 11. O-O O-O 12. Qf3 Bd4 13. Bb2 Nab8 14. Rfd1 Be5
15. Qf5 c6 16. dxc6 bxc6 17. Bc4 Nf6 18. f4 Qb6+ 19. Kh1 Bxc3 20. Bxc3 Rd8 21.
Bxf6 gxf6 22. Qxf6 Qf2 23. Qxf7+ Kh8 24. Qf6# {Black checkmated} 1-0

[Event "Team 45 45 League T45"]
[Site "Internet Chess Club"]
[Date "2010.06.05"]
[Round "5"]
[White "baseball613"]
[Black "dabodhi"]
[Result "0-1"]
[WhiteElo "1309"]
[BlackElo "1269"]
[Opening "Queen's pawn game"]
[ECO "D02"]
[Time "12:44:22"]
[TimeControl "2700+45"]

1. d4 d5 2. Nf3 Bf5 3. Bf4 Nf6 4. e3 e6 5. c4 Bb4+ 6. Nc3 c6 7. h3 Qb6 8. Qb3
Ne4 9. Be2 Nd7 10. Rc1 Ndf6 11. O-O h6 12. Nxe4 Nxe4 13. cxd5 exd5 14. Rfd1 Be7
15. Qc2 Qd8 16. Bd3 Bh4 17. Bxe4 Bxe4 18. Qe2 g5 19. Bh2 Qe7 20. Nxh4 gxh4 21.
Rc3 O-O-O 22. a3 Rhg8 23. f3 Bf5 24. b4 Bxh3 25. b5 Rxg2+ 26. Qxg2 Bxg2 27. Kxg2
Qg5+ 28. Kh1 h3 29. Rd2 Rg8 30. bxc6 Qg6 31. c7 Qb1+ {White resigns} 0-1

[Event "Team 45 45 League T45"]
[Site "Internet Chess Club"]
[Date "2010.06.05"]
[Round "5"]
[White "Hieroglyph"]
[Black "iwin2"]
[Result "0-1"]
[WhiteElo "1106"]
[BlackElo "1076"]
[Opening "Réti opening"]
[ECO "A04"]
[Time "08:00:24"]
[TimeControl "2700+45"]

1. Nf3 c5 2. d3 g6 3. g3 Bg7 4. Bg2 Nc6 5. Nbd2 Nf6 6. e4 O-O 7. O-O d5 8. e5
Ne8 9. Re1 Qc7 10. c4 d4 11. a3 Nxe5 12. Qe2 f6 13. b4 b6 14. bxc5 bxc5 15. a4
a5 16. Ba3 Rb8 17. Ne4 Nd7 18. h4 e5 19. Rab1 Rxb1 20. Rxb1 Nd6 21. Nxd6 Qxd6
22. Rb5 Qc7 23. Qd2 Bb7 24. Rxa5 Ra8 25. Rxa8+ Bxa8 26. a5 Nb8 27. Bc1 Na6 28.
Qa2 Nb4 29. Qa3 f5 30. Ne1 e4 31. f3 exf3 32. Bxf3 Bxf3 33. Nxf3 Qxg3+ 34. Kf1
Qxf3+ 35. Ke1 Nxd3+ 36. Kd2 Bh6+ 37. Kc2 Bxc1 38. Qxd3 Be3 39. a6 Qa8 40. Qa3 f4
41. Kd1 f3 42. Ke1 f2+ 43. Kf1 Qh1+ 44. Ke2 f1=Q# {White checkmated} 0-1

[Event "Team 45 45 League T45"]
[Site "Internet Chess Club"]
[Date "2010.06.04"]
[Round "5"]
[White "ordinaryboy"]
[Black "chris888"]
[Result "0-1"]
[WhiteElo "900"]
[BlackElo "756"]
[Opening "QGD: Chigorin defense"]
[ECO "D07"]
[Time "18:30:17"]
[TimeControl "2700+45"]

1. d4 d5 2. c4 Nc6 3. Nf3 Nf6 4. Nc3 e6 5. e4 dxe4 6. Ng5 h6 7. Nh3 Nxd4 8. Be3
c5 9. f3 exf3 10. gxf3 Bd6 11. Be2 Be5 12. Bxd4 cxd4 13. Nb5 O-O 14. Nxd4 Bxd4
15. Nf4 Bxb2 16. Qxd8 Rxd8 17. Rd1 Rxd1+ 18. Bxd1 Bc3+ 19. Kf2 e5 20. Ne2 Bd4+
21. Kf1 Bh3+ 22. Ke1 Rd8 23. f4 e4 24. Nxd4 Rxd4 25. c5 e3 26. Rg1 Rxf4 27. Ke2
Rf2+ 28. Kxe3 Rxh2 29. Rg3 Bf5 30. Kf4 g6 31. a4 a5 32. Re3 g5+ 33. Kxf5 Kg7 34.
Re7 g4 35. Rxb7 g3 36. Rb1 Rh1 37. Kf4 g2 38. Kf3 g1=Q 39. Bc2 Qxc5 40. Rxh1
Qxc2 41. Rg1+ Kf8 42. Kf4 Qc4+ 43. Kf5 Ke7 44. Re1+ Kf8 45. Kxf6 Qc3+ 46. Re5
Qc6+ 47. Kf5 Qxa4 48. Kf6 Qf4+ 49. Rf5 Qd6# {White checkmated} 0-1

[Event "Team 45 45 League T45"]
[Site "Internet Chess Club"]
[Date "2010.06.04"]
[Round "5"]
[White "otib2006"]
[Black "WzeroMN"]
[Result "1-0"]
[WhiteElo "1176"]
[BlackElo "1159"]
[Opening "Queen's pawn game"]
[ECO "D05"]
[Time "08:00:21"]
[TimeControl "2700+45"]

1. d4 Nf6 2. Nf3 e6 3. e3 d5 4. Bd3 c5 5. Nbd2 cxd4 6. Nxd4 Bc5 7. c3 O-O 8. b4
Bxd4 9. cxd4 a6 10. Ba3 b5 11. O-O Nc6 12. Qe2 Bb7 13. Rac1 Rc8 14. Rfd1 Ne7 15.
Rxc8 Qxc8 16. Bb2 Qb8 17. e4 dxe4 18. Nxe4 Bxe4 19. Bxe4 Nxe4 20. Qxe4 Nd5 21.
Qe5 Qxe5 22. dxe5 Nxb4 23. Ba3 a5 24. Bxb4 axb4 25. h3 h5 26. Rb1 Rb8 27. Rxb4
Ra8 28. Rb2 Kf8 29. f4 Ke7 30. Kf2 Kd7 31. Kg3 Kc6 32. Rc2+ Kb6 33. Rd2 Rc8 34.
Rb2 Ra8 35. Kh4 g6 36. Kg5 Ra4 37. g3 Ra3 38. Kf6 Rxg3 39. Kxf7 Rxh3 40. Kxe6
Rf3 41. Kf6 Rxf4+ 42. Kxg6 h4 43. e6 Rg4+ 44. Kf7 Rf4+ 45. Ke7 h3 46. Kd7 Rd4+
47. Ke8 Rh4 48. Rh2 Rh8+ 49. Kd7 Rh7+ 50. e7 Ka5 51. Kd8 Rh8+ 52. e8=Q Rxe8+ 53.
Kxe8 Ka4 54. Rxh3 b4 55. Kd7 Kb5 56. Kd6 Ka4 57. Kc5 b3 58. axb3+ Ka3 59. b4+
Ka2 60. b5 Ka1 61. b6 Ka2 62. b7 Ka1 63. b8=Q Ka2 64. Rh7 {Black resigns} 1-0

[Event "Team 45 45 League T45"]
[Site "Internet Chess Club"]
[Date "2010.06.05"]
[Round "5"]
[White "BosqueVerde"]
[Black "dpmdpm"]
[Result "1/2-1/2"]
[WhiteElo "1216"]
[BlackElo "1390"]
[Opening "QGD Slav defense"]
[ECO "D10"]
[Time "13:00:27"]
[TimeControl "2700+45"]

1. d4 d5 2. c4 c6 3. Nc3 Nf6 4. Qc2 e6 5. Bg5 Be7 6. Nf3 Nbd7 7. Rc1 c5 8. cxd5
exd5 9. e3 b6 10. b3 Bb7 11. Bd3 O-O 12. O-O h6 13. Bh4 cxd4 14. exd4 Rc8 15.
Qb2 Re8 16. Bf5 Ne4 17. Bxe7 Rxe7 18. h3 Nd6 19. Bg4 Rc7 20. Rfe1 Nf6 21. Ne5
Nxg4 22. Nxg4 Qe8 23. Ne3 Nf5 24. Qd2 Nxe3 25. Rxe3 Rxe3 26. Qxe3 {Game drawn by
mutual agreement} 1/2-1/2

[Event "Team 45 45 League T45"]
[Site "Internet Chess Club"]
[Date "2010.06.06"]
[Round "5"]
[White "PsyMar"]
[Black "WannaB"]
[Result "1-0"]
[WhiteElo "1220"]
[BlackElo "1055"]
[Opening "Polish (Sokolsky) opening"]
[ECO "A00"]
[Time "10:01:59"]
[TimeControl "2700+45"]

1. b4 Nf6 2. Bb2 d6 3. e3 e5 4. Bc4 d5 5. Bb3 Bxb4 6. Bxe5 Be7 7. Nc3 O-O 8.
Bxf6 Be6 9. Bxe7 Qxe7 10. Nxd5 Bxd5 11. Bxd5 c6 12. Bc4 Qb4 13. Bd3 Nd7 14. Nh3
Nf6 15. Rb1 Qe7 16. Nf4 a6 17. Nh5 b5 18. Nxf6+ Qxf6 19. O-O c5 20. c4 bxc4 21.
Bxc4 a5 22. Qf3 Qxf3 23. gxf3 a4 24. a3 Rad8 25. Bb5 Rxd2 26. Bxa4 Ra2 27. Rb3
c4 28. Rc3 Rc8 29. Rd1 g6 30. Bb5 Rc5 31. Bxc4 Rg5+ 32. Kh1 Rxf2 33. Rg1 Rxg1+
34. Kxg1 Rxf3 35. a4 Rf6 36. a5 Rf5 37. a6 Ra5 38. Kf2 Kg7 39. Rc2 Rf5+ 40. Ke1
Ra5 41. Ra2 Rc5 42. a7 Rxc4 43. a8=Q Rc1+ 44. Kd2 Rh1 45. Qxh1 {Black resigns}
1-0

[Event "Team 45 45 League T45"]
[Site "Internet Chess Club"]
[Date "2010.06.05"]
[Round "5"]
[White "zepled37"]
[Black "CameronD"]
[Result "0-1"]
[WhiteElo "1726"]
[BlackElo "1749"]
[Opening "Caro-Kann: advance variation"]
[ECO "B12"]
[Time "17:07:14"]
[TimeControl "2700+45"]

1. e4 c6 2. d4 d5 3. e5 c5 4. dxc5 Nc6 5. Bb5 e6 6. Be3 Ne7 7. c3 Bd7 8. Bxc6
Nxc6 9. Bd4 f6 10. exf6 e5 11. fxg7 Bxg7 12. Qh5+ Ke7 13. Qe2 Qc7 14. Na3 a6 15.
f4 Nxd4 16. cxd4 Qa5+ 17. Kf2 Raf8 18. g3 e4 19. Ke3 Kd8 20. Nc2 Bb5 21. Qd2 Qc7
22. Ne2 Qf7 23. a4 Bd3 24. Nb4 Qh5 25. Raf1 Bxe2 26. Qxe2 Bxd4+ 27. Kd2 e3+ 28.
Kd1 Qf5 29. Nd3 Bxc5 30. Qc2 e2+ 31. Qxe2 Re8 32. Qd2 Qg4+ 33. Kc1 Be3 34. Rd1
Bxd2+ 35. Rxd2 Qf3 36. Rhd1 Kc7 37. Ne5 Rxe5 38. fxe5 Qe3 39. Kb1 Rd8 40. Rc2+
Kb6 41. Rdc1 Qe4 42. Ka1 Qxa4+ 43. Kb1 Qe4 44. Ka1 Rf8 45. Rc7 Rf2 46. e6 Qxe6
47. R7c3 d4 48. Rc4 d3 49. Rb4+ Ka7 50. Rc7 Rf1+ 51. Rc1 Rxc1# {White
checkmated} 0-1

[Event "Team 45 45 League T45"]
[Site "Internet Chess Club"]
[Date "2010.06.04"]
[Round "5"]
[White "vaknight"]
[Black "BrerRabbit"]
[Result "1-0"]
[WhiteElo "1664"]
[BlackElo "1496"]
[Opening "Bird's opening"]
[ECO "A02"]
[Time "20:00:48"]
[TimeControl "2700+45"]

1. f4 Nf6 2. b3 g6 3. Bb2 Bg7 4. e3 O-O 5. Nf3 d6 6. Bd3 Nbd7 7. O-O Re8 8. Na3
e5 9. fxe5 dxe5 10. Bc4 Ne4 11. Qe1 Nd6 12. Be2 Nb6 13. c4 c5 14. Rd1 Qe7 15.
Ba1 Bf5 16. Nh4 Be4 17. d3 Bc6 18. e4 Rad8 19. Nc2 Nd7 20. Ne3 Nb6 21. Bb2 Qc7
22. Ng4 Nd7 23. Bc1 Rf8 24. Qg3 f6 25. Nh6+ Kh8 26. Nxg6+ hxg6 27. Qxg6 Nb6 28.
Rf3 Be8 29. Qg4 Qd7 30. Qh4 Bxh6 31. Qxh6+ Kg8 32. Rg3+ Bg6 33. Rxg6+ Kf7 34.
Rg7+ Ke8 35. Rxd7 Kxd7 36. Bg4+ Kc7 37. Rf1 Rh8 38. Qxf6 Nd7 39. Bxd7 Kxd7
{Black resigns} 1-0

[Event "Team 45 45 League T45"]
[Site "Internet Chess Club"]
[Date "2010.06.06"]
[Round "5"]
[White "SpeedBlade"]
[Black "mongmong"]
[Result "0-1"]
[WhiteElo "1392"]
[BlackElo "1510"]
[Opening "English opening"]
[ECO "A13"]
[Time "16:04:32"]
[TimeControl "2700+45"]

1. c4 e6 2. g3 Nf6 3. Bg2 c6 4. Nf3 d5 5. Qc2 Nbd7 6. O-O b5 7. cxd5 cxd5 8. d4
Bb7 9. Bf4 Rc8 10. Qd3 Qb6 11. Nbd2 Be7 12. Rac1 O-O 13. Ne5 Nxe5 14. dxe5 Nd7
15. Be3 Bc5 16. Nf3 Bxe3 17. Qxe3 Qxe3 18. fxe3 Rxc1 19. Rxc1 Rc8 20. Rxc8+ Bxc8
21. Nd4 a6 22. Nc6 Kf8 23. e4 dxe4 24. Bxe4 Bb7 25. Kf2 Bxc6 26. Bxc6 Ke7 27.
Bxd7 Kxd7 28. Ke3 Kc6 29. b4 Kd5 30. Kf4 Kc4 31. a3 Kb3 32. Ke4 Kxa3 33. Kd3
Kxb4 34. Kc2 a5 35. Kb2 Kc4 {White resigns} 0-1

[Event "Team 45 45 League T45"]
[Site "Internet Chess Club"]
[Date "2010.06.03"]
[Round "5"]
[White "JohLeb"]
[Black "AlPearson"]
[Result "0-1"]
[WhiteElo "1310"]
[BlackElo "1468"]
[Opening "King's Indian: 4.e4"]
[ECO "E70"]
[Time "10:04:19"]
[TimeControl "2700+45"]

1. d4 Nf6 2. c4 g6 3. Nc3 Bg7 4. e4 d6 5. Bd3 O-O 6. Nge2 c5 7. d5 e6 8. O-O
exd5 9. exd5 Nbd7 10. Bf4 Ne5 11. Bxe5 dxe5 12. Ng3 Re8 13. Nge4 Nxe4 14. Nxe4
f5 15. Nxc5 e4 16. Bc2 Qh4 17. f4 exf3 18. Qxf3 Bd4+ 19. Kh1 Bxc5 20. b3 Re3 21.
Qd1 Bd6 22. h3 Qg3 {White resigns} 0-1

[Event "Team 45 45 League T45"]
[Site "Internet Chess Club"]
[Date "2010.06.08"]
[Round "5"]
[White "b-spot"]
[Black "SugarIslander"]
[Result "1-0"]
[WhiteElo "1744"]
[BlackElo "1698"]
[Opening "QGD Slav: 3.Nf3"]
[ECO "D11"]
[Time "18:00:06"]
[TimeControl "2700+45"]

1. d4 d5 2. c4 c6 3. Nf3 Bg4 4. Ne5 Bh5 5. f3 Nd7 6. Nxd7 Qxd7 7. Nc3 e6 8. e4
Bb4 9. Be2 dxe4 10. fxe4 Bxe2 11. Kxe2 O-O-O 12. d5 exd5 13. cxd5 Bxc3 14. bxc3
Qg4+ 15. Ke3 Qxg2 16. Rg1 Qh3+ 17. Rg3 Qh6+ 18. Kd3 Qd6 19. Qg4+ Qd7 20. Qxg7
cxd5 21. Qxh8 dxe4+ 22. Kxe4 Qd5+ 23. Ke3 Ne7 24. Qxh7 Nf5+ 25. Kf2 Nxg3 26.
hxg3 f5 27. Bf4 Qc5+ 28. Kg2 Qd5+ 29. Kh3 Qc5 30. Re1 {Black resigns} 1-0

[Event "Team 45 45 League T45"]
[Site "Internet Chess Club"]
[Date "2010.06.06"]
[Round "5"]
[White "MrKarma"]
[Black "GadsHill"]
[Result "1-0"]
[WhiteElo "1622"]
[BlackElo "1538"]
[Opening "Vienna game"]
[ECO "C25"]
[Time "12:30:46"]
[TimeControl "2700+45"]

1. e4 e5 2. Nc3 Bc5 3. Nf3 d6 4. a3 a6 5. d4 exd4 6. Nxd4 Bxd4 7. Qxd4 Nf6 8.
Bg5 Nc6 9. Qd2 O-O 10. O-O-O Re8 11. f3 Be6 12. g4 Ne5 13. Qf4 Ned7 14. h4 Qc8
15. Bxf6 Nxf6 16. h5 b5 17. Ne2 Bxg4 18. fxg4 Rxe4 19. Qf5 Rxg4 20. Qxc8+ Rxc8
21. Bh3 Re8 22. Bxg4 Nxg4 23. Nd4 Re4 24. Rde1 Rxe1+ 25. Rxe1 Ne5 26. Nc6 f6 27.
Nxe5 {Black resigns} 1-0

[Event "Team 45 45 League T45"]
[Site "Internet Chess Club"]
[Date "2010.06.06"]
[Round "5"]
[White "whiskeytown"]
[Black "oldsj"]
[Result "0-1"]
[WhiteElo "1477"]
[BlackElo "1604"]
[Opening "Scotch: Schmidt variation"]
[ECO "C45"]
[Time "13:02:33"]
[TimeControl "2700+45"]

1. e4 e5 2. Nf3 Nc6 3. d4 exd4 4. Nxd4 Nf6 5. Nc3 Bc5 6. Nxc6 bxc6 7. Bd3 O-O 8.
Bg5 d6 9. O-O h6 10. Bh4 Bd4 11. Qd2 Be6 12. Bb5 Bxc3 13. Qxc3 cxb5 14. Rad1
Nxe4 15. Bxd8 Nxc3 16. Rd3 Ne2+ 17. Kh1 Raxd8 18. Re1 Nf4 19. Ra3 Rc8 20. Rxa7
Rfe8 21. h3 Bd5 22. Rxe8+ Rxe8 23. Rxc7 Bxg2+ 24. Kh2 Bxh3 25. Kg3 g5 26. c4
bxc4 27. Rxc4 Bf1 28. Rc2 Re2 29. Rc8+ Kg7 {White resigns} 0-1

[Event "Team 45 45 League T45"]
[Site "Internet Chess Club"]
[Date "2010.06.05"]
[Round "5"]
[White "rom1"]
[Black "AngryPirate"]
[Result "1-0"]
[WhiteElo "1529"]
[BlackElo "1488"]
[Opening "Nimzo-Indian: Spielmann variation"]
[ECO "E22"]
[Time "13:01:53"]
[TimeControl "2700+45"]

1. d4 e6 2. c4 Nf6 3. Nc3 Bb4 4. Qb3 Nc6 5. Nf3 Ne4 6. a3 Bxc3+ 7. bxc3 Na5 8.
Qc2 Nf6 9. e4 d6 10. Bd3 b6 11. O-O Ba6 12. e5 Nd7 13. Bg5 Qc8 14. Qe2 dxe5 15.
Nxe5 Nxe5 16. dxe5 h6 17. Bh4 c5 18. Rad1 O-O 19. Qe4 g6 20. Bf6 Bb7 21. Qf4 Qc6
22. f3 Kh7 23. Be7 Rae8 24. Bxf8 Rxf8 25. Qf6 Qc8 26. Be2 Ba6 27. Rd6 Bxc4 28.
Rfd1 Bxe2 29. Rd8 Bxd1 30. Rxc8 Rxc8 31. Qxf7+ Kh8 32. Qxe6 Rg8 33. Qf6+ Kh7 34.
e6 Ba4 35. e7 Nc4 36. Qf7+ Kh8 37. Qxc4 {Black resigns} 1-0

[Event "Team 45 45 League T45"]
[Site "Internet Chess Club"]
[Date "2010.06.03"]
[Round "5"]
[White "SeniorCitizen"]
[Black "lawth3"]
[Result "1-0"]
[WhiteElo "1244"]
[BlackElo "1054"]
[Opening "Caro-Kann: exchange variation"]
[ECO "B13"]
[Time "09:00:12"]
[TimeControl "2700+45"]

1. e4 c6 2. d4 d5 3. exd5 cxd5 4. Nf3 Nf6 5. Be2 Qc7 6. Bg5 h6 7. Bxf6 exf6 8.
Nbd2 Bf5 9. c3 Bd6 10. O-O O-O 11. Re1 Nd7 12. Qb3 Nb6 13. Bf1 a6 14. g3 Be6 15.
Bd3 Bd7 16. Qc2 Kh8 17. Rac1 Nc4 18. Nxc4 dxc4 19. Bf5 Bc6 20. Be4 Be8 21. Nh4
g6 22. Qd2 Kg7 23. Qe2 Bd7 24. Bd5 Rae8 25. Qxc4 Qxc4 26. Bxc4 Rc8 27. Bd3 Be6
28. Nxg6 Rfe8 29. Nf4 Bg4 30. Kf1 Kf8 31. Re3 b5 32. h3 Bxf4 33. gxf4 Bxh3+ 34.
Ke2 Bg4+ 35. Kd2 Be6 36. Rh1 Kg7 37. Rg3+ Kf8 38. Rxh6 Bxa2 39. Rxf6 Ke7 40.
Rxa6 Ra8 41. Re3+ Kf8 42. Rxe8+ Kxe8 43. Rxa8+ {Black resigns} 1-0

[Event "Team 45 45 League T45"]
[Site "Internet Chess Club"]
[Date "2010.06.02"]
[Round "5"]
[White "jjaillet2007"]
[Black "KingOfHearts"]
[Result "1-0"]
[WhiteElo "1233"]
[BlackElo "1293"]
[Opening "QGA: 3.e4"]
[ECO "D20"]
[Time "21:30:09"]
[TimeControl "2700+45"]

1. d4 d5 2. c4 dxc4 3. e4 Nc6 4. d5 Ne5 5. Bf4 Ng6 6. Bg3 e5 7. Bxc4 Nf6 8. Nf3
Nxe4 9. O-O Bd6 10. Bd3 Nxg3 11. fxg3 f6 12. Qc2 O-O 13. Bxg6 hxg6 14. Qxg6 b6
15. Nh4 Bc5+ 16. Kh1 Qxd5 17. Nc3 Qf7 18. Qe4 Be6 19. Ng6 Rfd8 20. Nxe5 Qh5 21.
Nf3 a6 22. Qxe6+ Kh8 23. g4 Qg6 24. Qf5 Qe8 25. Qh5+ Qxh5 26. gxh5 Kg8 27. Rad1
Re8 28. Nd5 Bd6 29. h6 Kh7 30. hxg7 Kxg7 31. Nh4 Re6 32. Nf5+ Kf7 33. Nxd6+ cxd6
34. Nc7 {Black resigns} 1-0

[Event "Team 45 45 League T45"]
[Site "Internet Chess Club"]
[Date "2010.06.04"]
[Round "5"]
[White "Cicero"]
[Black "kabubi"]
[Result "1/2-1/2"]
[WhiteElo "1170"]
[BlackElo "1172"]
[Opening "Caro-Kann: advance variation"]
[ECO "B12"]
[Time "12:30:09"]
[TimeControl "2700+45"]

1. e4 c6 2. d4 d5 3. e5 Bf5 4. Nf3 e6 5. Be2 c5 6. c3 Nc6 7. Be3 cxd4 8. cxd4
Nge7 9. a3 Qc7 10. O-O Nc8 11. Nh4 Bg6 12. Bg5 Be7 13. Bxe7 N8xe7 14. Nc3 Qb6
15. Nb5 O-O 16. Nf3 a6 17. Nd6 Nc8 18. Nxc8 Raxc8 19. b4 Na7 20. Qb3 Rc2 21. Bd3
Bxd3 22. Qxd3 Rfc8 23. Qb3 R8c3 24. Qa4 Nb5 25. Qa5 Qxa5 26. bxa5 Nxa3 27. Ne1
Rc1 28. Rxc1 Rxc1 29. Nd3 Rxf1+ 30. Kxf1 Nc4 31. Nc5 Nxa5 32. Ke2 Nc6 33. Ke3 b5
34. Nxa6 b4 35. Nc5 Kf8 36. Nb3 f5 37. f4 h6 38. g3 g5 39. Kd3 gxf4 40. gxf4 h5
41. Nc5 Ke7 42. h4 Na5 43. Kc2 Nc6 44. Kd3 Na5 45. Kc2 Nc6 46. Kd3 Na5 47. Kc2
{Game drawn by repetition} 1/2-1/2

[Event "Team 45 45 League T45"]
[Site "Internet Chess Club"]
[Date "2010.06.07"]
[Round "5"]
[White "Mclintock45"]
[Black "Graybeard"]
[Result "0-1"]
[WhiteElo "1061"]
[BlackElo "1150"]
[Opening "Ruy Lopez: Anderssen variation"]
[ECO "C77"]
[Time "10:01:59"]
[TimeControl "2700+45"]

1. e4 e5 2. Nf3 Nc6 3. Bb5 a6 4. Ba4 Nf6 5. d3 d6 6. Bxc6+ bxc6 7. Bg5 Be7 8. h3
h6 9. Bh4 O-O 10. O-O Bb7 11. Nc3 Re8 12. b4 d5 13. Nxe5 Bxb4 14. Rb1 a5 15. d4
Rb8 16. Nd3 dxe4 17. Ne5 Bxc3 18. Rb3 Bxd4 19. Ng4 e3 20. Nxf6+ Bxf6 21. Qxd8
Bxd8 22. Rbb1 Bxh4 23. g3 exf2+ 24. Kxf2 Bf6 25. Rbd1 Ba6 26. Rfe1 Bc3 27. Rxe8+
Rxe8 28. Rd7 Rc8 29. Re7 Bc4 30. Re4 Bxa2 31. Ke2 Rd8 32. Kf3 Bd5 33. Kf4 Bxe4
34. Kxe4 a4 35. h4 a3 36. g4 a2 37. h5 a1=Q 38. g5 Qe1+ 39. Kf5 Rd5+ 40. Kf4
Qe5+ 41. Kf3 Qf5+ 42. Ke3 Re5# {White checkmated} 0-1

[Event "Team 45 45 League T45"]
[Site "Internet Chess Club"]
[Date "2010.06.04"]
[Round "5"]
[White "The-Capitalist"]
[Black "clammer"]
[Result "1-0"]
[WhiteElo "1393"]
[BlackElo "1221"]
[Opening "Ruy Lopez: closed"]
[ECO "C90"]
[Time "20:00:23"]
[TimeControl "2700+45"]

1. e4 e5 2. Nf3 Nc6 3. Bb5 a6 4. Ba4 Nf6 5. O-O Be7 6. Re1 b5 7. Bb3 d6 8. a4
Bg4 9. h3 Bd7 10. d4 O-O 11. dxe5 Nxe5 12. Bf4 bxa4 13. Bxa4 Nxf3+ 14. Qxf3 Bxa4
15. Rxa4 Qd7 16. b3 Qc6 17. Rc4 Qb7 18. Nc3 Rfe8 19. Ra4 Nd7 20. Nd5 Ne5 21. Qg3
Ng6 22. Rb4 Qc6 23. Rc4 Qb5 {Black resigns} 1-0

[Event "Team 45 45 League T45"]
[Site "Internet Chess Club"]
[Date "2010.06.06"]
[Round "5"]
[White "theartist"]
[Black "MateIn42"]
[Result "0-1"]
[WhiteElo "1171"]
[BlackElo "1437"]
[Opening "Modern defense"]
[ECO "A40"]
[Time "12:31:26"]
[TimeControl "2700+45"]

1. d4 g6 2. e4 d6 3. c4 c5 4. dxc5 dxc5 5. Qxd8+ Kxd8 6. Nc3 Bg7 7. Be3 b6 8.
Nf3 Bb7 9. Rb1 Bxc3+ 10. bxc3 Bxe4 11. Rd1+ Kc8 12. Be2 Nf6 13. O-O Nc6 14. Ng5
Ne5 15. Nxe4 Nxe4 16. Bf4 Nxc3 17. Bxe5 Nxe2+ 18. Kh1 f6 19. Bb2 e5 20. Rd6 Rf8
21. Rfd1 Nd4 22. Bxd4 cxd4 23. f4 Kc7 24. Rd5 Rad8 25. Rxd8 Rxd8 26. fxe5 fxe5
27. Re1 d3 28. Rxe5 d2 29. Rd5 Rxd5 {White resigns} 0-1

[Event "Team 45 45 League T45"]
[Site "Internet Chess Club"]
[Date "2010.06.08"]
[Round "5"]
[White "bowwrestler"]
[Black "NewfieKnight"]
[Result "1-0"]
[WhiteElo "1089"]
[BlackElo "1088"]
[Opening "Bishop's opening: Berlin defense"]
[ECO "C24"]
[Time "14:01:32"]
[TimeControl "2700+45"]

1. e4 e5 2. Bc4 Nf6 3. d3 h6 4. Nf3 d5 5. exd5 Nxd5 6. Bxd5 Qxd5 7. Nc3 Bb4 8.
Bd2 Bxc3 9. Bxc3 Bg4 10. O-O Bxf3 11. Qxf3 Qxf3 12. gxf3 Nc6 13. Rfe1 f6 14. Re2
O-O-O 15. a3 Rhe8 16. b4 b5 17. Bb2 a5 18. c4 axb4 19. axb4 Rxd3 20. Kg2 Nxb4
21. cxb5 e4 22. fxe4 Kb7 23. Ba3 Kb6 24. Bxb4 Kxb5 25. Rb1 Kc4 26. Ba3 Kd4 27.
Rb4+ Ke5 28. Bb2+ Kf4 29. Bc1+ Ke5 30. Re3 c5 31. Rb5 Rxe3 32. Bxe3 Kxe4 33.
Bxc5 g5 34. Rb1 Kf5 35. Kg3 Kg6 36. f4 Rc8 37. Bf2 Rc3+ 38. Kg2 Rc2 39. Kf3 Rc3+
40. Ke4 g4 41. Rb6 Rc4+ 42. Bd4 Rc1 43. Rxf6+ Kh5 44. f5 Re1+ 45. Kf4 Rf1+ 46.
Kg3 Kg5 47. Ra6 Rxf5 48. Be3+ Kh5 49. Rxh6# {Black checkmated} 1-0

[Event "Team 45 45 League T45"]
[Site "Internet Chess Club"]
[Date "2010.06.04"]
[Round "5"]
[White "BlunderJack"]
[Black "randallsr"]
[Result "0-1"]
[WhiteElo "1609"]
[BlackElo "1778"]
[Opening "Queen's pawn: Keres defense"]
[ECO "A40"]
[Time "14:00:07"]
[TimeControl "2700+45"]

1. d4 e6 2. c4 b6 3. Nf3 Bb7 4. e3 Nf6 5. Nc3 Bb4 6. Be2 Ne4 7. Qc2 Ng5 8. Qd1
Qf6 9. Bd2 Bxc3 10. Bxc3 Nxf3+ 11. Bxf3 Bxf3 12. Qxf3 Qxf3 13. gxf3 d5 14. cxd5
exd5 15. Rg1 g6 16. Rc1 Kd7 17. Ke2 Re8 18. Rg4 f5 19. Rh4 Re7 20. a4 a5 21. Rg1
Nc6 22. Rh6 Rf8 23. b3 Rfe8 24. Kd2 Rf7 25. Ke2 Ne7 26. Rh3 Ng8 27. Rc1 Nf6 28.
Rg3 Nh5 29. Rgg1 Nf4+ 30. Kd2 Ne6 31. b4 axb4 32. Bxb4 f4 33. a5 fxe3+ 34. fxe3
Rxf3 35. Rgf1 Ref8 36. Rxf3 Rxf3 37. a6 Rf2+ 38. Kd3 Ra2 39. Rf1 c5 40. dxc5
bxc5 41. Bd2 Ke7 42. Rb1 Rxa6 43. Rb7+ Kf6 44. Rxh7 c4+ 45. Ke2 Ra2 46. Kd1 Ng5
47. Bc3+ Kf5 48. Rh4 Ne4 49. Bd4 g5 50. Rh8 Kg4 51. h3+ Kf3 52. h4 gxh4 53. Rxh4
Nf2+ 54. Kc1 Ng4 55. Rh8 Ke4 56. Rh4 Rg2 57. Rh8 Nxe3 58. Bxe3 Kxe3 59. Rh3+ Kf4
60. Rc3 Ke4 61. Rh3 Kd4 62. Rh4+ Kc5 63. Rh3 c3 64. Rxc3+ Kd4 65. Rh3 Kc4 66.
Rh8 d4 67. Rc8+ Kd3 68. Rd8 Rc2+ 69. Kd1 Rc4 70. Re8 Kc3 71. Re2 Ra4 72. Rc2+
Kd3 73. Rd2+ Ke3 74. Re2+ Kf3 75. Rc2 d3 76. Rc3 Ke3 77. Rc1 Rh4 78. Rc2 Rh1#
{White checkmated} 0-1